 Dungeon Crawl Stone Soup version 0.31-a0-1008-g5b978dac0e (webtiles) character file.

Game seed: 2888985060726029314

44 night the Caller (level 3, -8/20 HPs)
             Began as a Tengu Summoner on Nov 12, 2023.
             Killed by an exploding quokka (28 damage)
             ... ignited by their inner flame
             ... on level 2 of the Dungeon.
             The game lasted 00:04:03 (1094 turns).

night the Caller (Tengu Summoner)                   Turns: 1094, Time: 00:04:04

Health: -8/20      AC:  3    Str:  8    XL:     3   Next: 62%
Magic:  7/7        EV: 28    Int: 15    God:
Gold:   60         SH:  0    Dex: 16    Spells: 0/6 levels left

rFire   . . .        k - +0 rapier
rCold   . . .        (no shield)
rNeg    . . .        a - +0 robe
rPois   .            (helmet restricted)
rElec   .            (no cloak)
rCorr   .            d - +0 pair of gloves
SInv    .            (boots unavailable)
Will    .....        h - amulet of magic regeneration
Stlth   ++           (no ring)
HPRegen 0.23/turn    (no ring)
MPRegen 0.50/turn

%: acrobat
@: acrobatic
A: beak, talons 3, acrobatic
a: no special abilities


You were on level 2 of the Dungeon.
You visited 1 branch of the dungeon, and saw 2 of its levels.

You collected 60 gold pieces.

Inventory:

Hand Weapons
 c - a +0 hand axe
 j - a +0 short sword
 k - a +0 rapier (weapon)
Missiles
 e - 16 stones
 l - 5 poisoned darts
Armour
 a - a +0 robe (worn)
 d - a +0 pair of gloves (worn)
Jewellery
 h - an amulet of magic regeneration (around neck)
Scrolls
 i - a scroll of enchant armour {unknown}
Potions
 b - 2 potions of magic
 f - a potion of mutation {unknown}
 g - a potion of heal wounds {unknown}


   Skills:
 + Level 1.2 Fighting
 + Level 0.3 Short Blades
 + Level 2.8 Dodging
 - Level 2.0 Stealth
 + Level 2.4 Spellcasting
 + Level 5.2 Summonings


You couldn't memorise any spells.
You knew the following spells:

 Your Spells              Type           Power      Damage    Failure   Level
a - Summon Small Mammal   Summ           68%        N/A       2%          1
b - Call Imp              Summ           34%        N/A       3%          2
c - Call Canine Familiar  Summ           17%        N/A       8%          3

Your spell library contained the following spells:

 Spells                   Type           Power      Damage    Failure   Level
 Summon Guardian Golem    Hex/Summ       9%         N/A       22%         3
 Summon Lightning Spire   Summ/Air       9%         N/A       58%         4
 Alistair's Intoxication  Tmut/Pois      0%         N/A       99%         5
 Borgnjor's Vile Clutch   Necr/Erth      0%         N/A       99%         5
 Eringya's Noxious Bog    Tmut/Pois      0%         4d6       100%        6


Dungeon Overview and Level Annotations

Branches:
Dungeon (2/15)

Altars:


Innate Abilities, Weirdness & Mutations

You have a beak for a mouth.
You have claws for feet.
You can magically evade attacks while moving or waiting.


Message History

A goblin comes into view. It is wielding a +0 dagger.
The goblin splashes around in the water.
Your hound closely misses the goblin.
The goblin closely misses your hound.
Your hound barely misses the goblin.
Your hound closely misses the goblin.
The goblin misses your hound.
Your hound bites the goblin.
The goblin dies!
You hear a splash.
A rat comes into view.
The rat closely misses your hound.
Your hound bites the rat.
The rat dies!
Your hound disappears in a puff of smoke!
You enter the shallow water.
Moving in this stuff is going to be slow.
Found 3 scrolls labelled APIOPLO SAXTIS.
A quokka comes into view.
The quokka completely misses you.
You see here a scroll labelled KIXKUO TANIJ.
m - a scroll labelled KIXKUO TANIJ The quokka bites you.
As you read the scroll labelled KIXKUO TANIJ, it crumbles to dust.
The creatures around you are filled with an inner flame!
It was a scroll of immolation.
The quokka closely misses you.
You enter the shallow water.
Moving in this stuff is going to be slow.
The quokka closely misses you. The quokka attacks as it pursues you!
The quokka closely misses you. The quokka attacks as it pursues you!
The quokka splashes around in the water.
Casting: Call Canine Familiar (quite dangerous; 8% risk of failure)
Confirm with . or Enter, or press ? or * to list all spells.
The quokka closely misses you.
Unknown command.
The quokka attacks as it pursues you! The quokka barely misses you.
Your quokka bites the quokka.
Flame seeps out of the quokka.
The quokka is engulfed in blazing flames.
The quokka explodes!
The fiery explosion engulfs you!!
Ouch! That really hurt!
You die...

####.# #~≈≈#≈~)# ~~#
#.# #####.###.###.##
#.# #..#...#...#...#.
#.# ##................
#.# #.................
#.###..............†..
#.##.....%............
#.##.#..#...#...#...#.
#.....####.###@###.##
#####.#.#~~≈#§○§#≈~~#~
#.#.~~≈≈.§§r.~≈~~~
#.#..P~~~~~~~~~~~P
#.#...P~~~.P~~~~..
#.##P#.......P~P.. .##
#..P#P....#.# .#
#.P#.#..#.P#.#
##.#..#?#...#


You could see a friendly quokka (summoned).

Vanquished Creatures
  A dart slug (D:1)
  4 bats (D:1)
  An endoplasm (D:1)
  A giant cockroach (D:1)
  A goblin (D:1)
  4 hobgoblins (D:1)
  2 quokkas
  2 ball pythons (D:1)
  A kobold (D:1)
  3 rats
20 creatures vanquished.

Vanquished Creatures (collateral kills)
  An adder (D:2)
  A ball python (D:2)
  A giant cockroach (D:1)
  A goblin (D:2)
  3 hobgoblins (D:1)
  A bat (D:2)
  A frilled lizard (D:1)
  A kobold (D:1)
  A rat (D:2)
11 creatures vanquished.

Grand Total: 31 creatures vanquished

Notes
Turn   | Place    | Note
-------+----------+-------------------------------------------
     0 | D:1      | night the Tengu Summoner began the quest for the Orb.
     0 | D:1      | Reached XP level 1. HP: 10/10 MP: 4/4
   126 | D:1      | Reached XP level 2. HP: 16/16 MP: 3/6
   129 | D:1      | Learned a level 2 spell: Call Imp
   207 | D:1      | Reached skill level 5 in Summonings
   445 | D:1      | Reached skill level 1 in Fighting
   445 | D:1      | Reached XP level 3. HP: 17/20 MP: 7/7
   994 | D:2      | Learned a level 3 spell: Call Canine Familiar
  1094 | D:2      | Killed by an exploding quokka... ignited by their inner
                  | flame

Illustrated notes

Levels and vault maps discovered:
D:1:      ebering_trefoil_3fold, layout_basic
D:2:      wad_lake_hut, layout_loops_ring

Skill      XL: |  1  2 |
---------------+-------+-----
Summonings     | 5 |  5.2
Fighting       | 1 |  1.2
Short Blades   | |  0.3
Dodging        | |  2.8
Stealth        | |  2.0
Spellcasting   | |  2.4

Action                     || total
---------------------------++-------
  Melee: Hand axe          ||    36
         Peck              ||    11
         Kick              ||    12
         Rapier            ||    10
   Cast: Summon Small Mamm ||    12
         Call Imp          ||     4
         Call Canine Famil ||     1
    Use: Scroll            ||     1
   Stab: Sleeping          ||     2
 Armour: Robe              ||    25
  Dodge: Dodged            ||    52

Table legend: (Time is in decaauts)
 A = Elapsed time spent in this place.
 B = Non-inter-level travel time spent in this place.
 C = Inter-level travel time spent in this place.
 D = Time resting spent in this place.
 E = Time spent auto-exploring this place.
 F = Levels seen in this place.
 G = Mean time per level.
                   A        B        C        D        E       F      G
               +--------+--------+--------+--------+--------+-----+--------+
         Total |   1108 |   1070 |     38 |     42 |    765 |   2 |  554.0 |
       Dungeon |   1108 |   1070 |     38 |     42 |    765 |   2 |  554.0 |
               +--------+--------+--------+--------+--------+-----+--------+

Top non-repeatable levels by time:
     D:1: 925 daAuts
     D:2: 183 daAuts
